AoeStats
← Eugenius

Arena

508511927Analyzed
4v4 RM · 10d ago on Sep 22, 2026· 22m 1s· 8 players
Game mode
Random Map
Map size
Large (8 player)
Population
200
Speed
Normal
Resources
Standard
Victory
Conquest
Starting age
Dark Age
Ending age
Imperial Age
RankedLock teamsTeams togetherTeam positionsShared explorationLock speedFull tech treeHidden civsTurbo modeCheats
Victory
Defeat
🇺🇸 Italians · United States
1786
+13
🇵🇪 Magyars · Peru
1685
+17
1663
+18
🇲🇽 Gurjaras · Mexico
1656
+18
🇩🇪 Danes · Germany
1899
-23
🇲🇽 Saxons · Mexico
1688
-16
🇩🇪 Bohemians · Germany
1647
-14
🇩🇪 Varangians · Germany
1624
-13
UXKEKO
5:09 Loom
11:38 Feudal Age
15:18 Castle Age
13:35 Double-Bit Axe
13:32 Horse Collar
17:08 Bow Saw
NOC | shiXo.#
9:50 Feudal Age
11:11 Double-Bit Axe
14:00 Castle Age
15:50 Bow Saw
17:31 Stone Mining
17:32 Horse Collar
17:39 Loom
KeremS
9:57 Feudal Age
14:03 Castle Age
12:08 Double-Bit Axe
15:04 Horse Collar
Erich Müller
10:12 Feudal Age
13:59 Castle Age
12:19 Double-Bit Axe
13:39 Horse Collar
17:18 Loom
20:50 Wheelbarrow
21:20 Heavy Plow
21:15 Gold Mining
21:39 Bow Saw
quesarito
8:03 Feudal Age
8:34 Double-Bit Axe
14:26 Fletching
14:36 Padded Archer Armor
22:07 Castle Age
22:08 Horse Collar
§Y¶# Ä
9:05 Feudal Age
8:39 Loom
14:36 Castle Age
15:41 Double-Bit Axe
Eugenius
10:30 Feudal Age
11:31 Double-Bit Axe
11:27 Horse Collar
12:37 Bloodlines
17:15 Scale Barding Armor
CTM | חב"ד ליובאוויט
11:01 Feudal Age
15:02 Castle Age
13:24 Double-Bit Axe
14:07 Horse Collar
17:37 Chemistry
18:13 Fervor
Connection lost

Rejoining the realm…

Still unreachable

The connection could not be restored.

Session expired

The server has moved on; the page needs a fresh start.